 Dungeon Crawl Stone Soup version 0.29-a0-334-gb41bcbb86e (webtiles) character file.

Game seed: 4029325118536112713

56 Dauddaud the Chopper (level 3, -5/46 HPs)
             Began as a Minotaur Berserker on Apr 15, 2022.
             Was a Follower of Trog.
             Blown up by Ijyb (20 damage)
             ... with a mindburst bolt
             ... on level 3 of the Dungeon.
             The game lasted 00:03:46 (1566 turns).

Dauddaud the Chopper (Minotaur Berserker)           Turns: 1566, Time: 00:03:46

Health: -5/46      AC:  7    Str: 23    XL:     3   Next: 71%
Magic:  2/2        EV: 11    Int:  4    God:    Trog [*.....]
Gold:   77         SH:  0    Dex:  9    Spells: 2/2 levels left

rFire   . . .      SeeInvis .   s - +0 morningstar
rCold   . . .      Faith    .   (no shield)
rNeg    . . .      Spirit   .   e - +2 ring mail {rPois}
rPois   +          Reflect  .   (helmet restricted)
rElec   .          Harm     .   (no cloak)
rCorr   .          Rampage  .   (no gloves)
Will    .....                   (no boots)
Stlth   ..........              (no amulet)
HPRegen 0.15/turn               (no ring)
MPRegen 0.08/turn               (no ring)

@: berserking, very quick
A: horns 2, retaliatory headbutt
a: Renounce Religion, Berserk


You were on level 3 of the Dungeon.
You worshipped Trog.
Trog was aware of your devotion.
You visited 1 branch of the dungeon, and saw 3 of its levels.

You collected 77 gold pieces.

Inventory:

Hand Weapons
 a - a +0 hand axe
 s - a +0 morningstar (weapon)
Armour
 b - a +0 animal skin
 e - a +2 ring mail of poison resistance (worn)
 g - a +0 pair of boots
Scrolls
 c - 6 scrolls of identify {unknown}
 d - 2 scrolls of teleportation {unknown}
 f - a scroll of fog {unknown}
 h - a scroll of magic mapping {unknown}
 j - a scroll of enchant weapon {unknown}
 k - 2 scrolls of vulnerability {unknown}
 m - a scroll of blinking {unknown}
Potions
 i - a potion of degeneration {unknown}
 l - a potion of curing {unknown}
 n - a potion of haste {unknown}
 o - 2 potions of berserk rage {unknown}
 p - a potion of might {unknown}
 q - a potion of heal wounds {unknown}
 r - a potion of invisibility {unknown}


   Skills:
 - Level 3.6 Fighting
 - Level 5.7 Axes
 * Level 0.2(3.4) Maces & Flails
 - Level 2.4 Armour
 - Level 2.1 Dodging


You had 2 spell levels left.
You didn't know any spells.
Your spell library was empty.

Dungeon Overview and Level Annotations

Branches:
Dungeon (3/15)

Altars:

Annotations:
D:3 Ijyb


Innate Abilities, Weirdness & Mutations

You have a pair of horns on your head.
You reflexively headbutt those who attack you in melee.


Message History

You see here a +0 hand axe.
Things that are here:
a +0 short sword; a +0 morningstar; an orc corpse
Found a robe.
Things that are here:
a +0 short sword; a +0 morningstar; an orc corpse
s - a +0 morningstar
s - a +0 morningstar (weapon)
A hobgoblin comes into view.
The hobgoblin shouts!
You closely miss the hobgoblin.
The hobgoblin hits you but does no damage.
You barely miss the hobgoblin. The hobgoblin barely misses you.
You barely miss the hobgoblin. The hobgoblin hits you.
The hobgoblin barely misses you.
You hit the hobgoblin.
You kill the hobgoblin!
Trog accepts your kill.
No target in view!
No target in view!
No target in view!
No target in view!
You see here a hobgoblin corpse.
Found a stone staircase leading down.
c - 6 scrolls labelled OFEFOTRASTU (gained 1)
There is a stone staircase leading down here.
Ijyb the Twisted Goblin comes into view.
She is wielding a +0 club and carrying a wand of mindburst (24).
Ijyb zaps a wand.
Your mind is blasted!
Ijyb is nearby!
You barely miss Ijyb. Ijyb hits you but does no damage.
You barely miss Ijyb. Your headbutt misses Ijyb.
Ijyb zaps a wand.
Your mind is blasted!
Ouch! That really hurt!
Ijyb barely misses you.
You are too injured to fight recklessly!
You are too injured to fight recklessly!
A red film seems to cover your vision as you go berserk!
You feel yourself moving faster!
You feel mighty!
Ijyb zaps a wand.
Your mind is blasted!
You die...

........#.#.#.##.#
##..#####.#....#.#
#...# #.######.#
#...## #.# #.#
###...###.# #.#
..........# #.#
####..##### #.#
#..# #g#
#..##########@##
#.>............#
################


You could see Ijyb.

Vanquished Creatures
  An orc priest (D:3)
  2 orcs (D:3)
  A ball python (D:2)
  A bat (D:2)
  A giant cockroach (D:2)
  4 goblins
  5 hobgoblins
  2 kobolds (D:1)
  2 frilled lizards
  3 rats (D:1)
22 creatures vanquished.

Vanquished Creatures (others)
  4 toadstools (D:1)
4 creatures vanquished.

Grand Total: 26 creatures vanquished

Notes
Turn   | Place    | Note
-------+----------+-------------------------------------------
     0 | D:1      | Dauddaud the Minotaur Berserker began the quest for the
                  | Orb.
     0 | D:1      | Reached XP level 1. HP: 19/19 MP: 0/0
   358 | D:1      | Reached skill level 4 in Axes
   789 | D:2      | Reached XP level 2. HP: 26/26 MP: 1/1
  1301 | D:2      | Found a faded altar of an unknown god.
  1393 | D:3      | Reached skill level 5 in Axes
  1401 | D:3      | Reached XP level 3. HP: 27/31 MP: 2/2
  1562 | D:3      | Noticed Ijyb
  1566 | D:3      | Blown up by Ijyb

Illustrated notes

Levels and vault maps discovered:
D:1:      ldierk_water_garden, layout_basic, grunt_decor_arrowhead
D:2:      layout_rooms, shapermc_ecumenical_altar_hornbeckon,
          kennysheep_cross_bottleneck, minivault_25
D:3:      layout_basic, minmay_misc_feat_plants, uniq_ijyb

Skill      XL: |  1  2 |
---------------+-------+-----
Axes           | 4 5 |  5.7
Fighting       | |  3.6
Maces & Flails | |  0.2
Armour         | |  2.4
Dodging        | |  2.1

Action                   || total
-------------------------++-------
Melee: Hand axe          ||    45
       Headbutt          ||     9
       Morningstar       ||     6
Invok: Berserk           ||     1
Armor: Ring mail         ||    23
Dodge: Dodged            ||    24

Table legend: (Time is in decaauts)
 A = Elapsed time spent in this place.
 B = Non-inter-level travel time spent in this place.
 C = Inter-level travel time spent in this place.
 D = Time resting spent in this place.
 E = Time spent auto-exploring this place.
 F = Levels seen in this place.
 G = Mean time per level.
                   A        B        C        D        E       F      G
               +--------+--------+--------+--------+--------+-----+--------+
         Total |   1583 |   1551 |     32 |      0 |   1376 |   3 |  527.7 |
       Dungeon |   1583 |   1551 |     32 |      0 |   1376 |   3 |  527.7 |
               +--------+--------+--------+--------+--------+-----+--------+

Top non-repeatable levels by time:
     D:1: 780 daAuts
     D:2: 607 daAuts
     D:3: 195 daAuts
